 Dungeon Crawl Stone Soup version 0.31-a0-1300-gb6740aa4e6 (webtiles) character file.

Game seed: 15746276398318830947

44 timneilson the Ruffian (level 3, -4/23 HPs)
             Began as an Octopode Shapeshifter on Dec 18, 2023.
             Killed by divine providence
             ... invoked by an orc priest
              (12 damage)
             ... on level 2 of the Dungeon.
             The game lasted 00:02:17 (896 turns).

timneilson the Ruffian (Octopode Shapeshifter)       Turns: 896, Time: 00:02:18

Health: -4/23      AC:  1    Str: 15    XL:     3   Next: 60%
Magic:  3/3        EV: 13    Int: 12    God:
Gold:   29         SH:  4    Dex: 11    Spells: 2/2 levels left

rFire   . .          .
                       - Unarmed
rCold   . . .        g - +1 buckler
rNeg    . . .        (helmet currently unavailable)
rPois   .            (no amulet)
rElec   .            (no ring)
rCorr   .            (no ring)
SInv    .            (no ring)
Will    .....        (no ring)
Stlth   ++           (no ring)
HPRegen 0.23/turn    (no ring)
MPRegen 0.08/turn    (no ring)
                     (no ring)

%: no passive effects
@: beast-form
A: beast (slay +1), almost no armour, amphibious, 8 rings, camouflage 1,
gelatinous body 1, (nimble swimmer 1), tentacles
a: Begin Untransformation


You were on level 2 of the Dungeon.
You were a hulking beast.
You visited 1 branch of the dungeon, and saw 2 of its levels.

You collected 29 gold pieces.

Inventory:

Armour
 g - a +1 buckler (worn)
Talismans
 b - a beast talisman
 c - a flux talisman
Scrolls
 d - a scroll of identify
 h - a scroll of revelation
Potions
 a - a potion of lignification
 e - 2 potions of curing {unknown}


   Skills:
 * Level 1.6 Fighting
 * Level 2.5 Dodging
 + Level 0.5 Stealth
 + Level 0.4 Shields
 * Level 3.4 Unarmed Combat
 * Level 3.2 Shapeshifting


You had 2 spell levels left.
You didn't know any spells.
Your spell library was empty.

Dungeon Overview and Level Annotations

Branches:
Dungeon (2/15)

Altars:


Innate Abilities, Weirdness & Mutations

You are a hulking beast.
Your limbs bulge with bestial killing power. (Slay +1)
You cannot wear most types of armour.
You are amphibious.
You can wear up to eight rings at the same time.
Your skin changes colour to match your surroundings (Stealth+).
Your rubbery body absorbs attacks. (AC +1, EV +1)
((You are camouflaged when in or above water. (Stealth+)))
You have tentacles for arms and can constrict up to eight enemies at once.


Message History

You tentacle-slap the kobold but do no damage.
You grab the kobold. You squeeze the kobold.
You kill the kobold!
You see here a +0 club.
A dart slug comes into view.
Found a scroll labelled SOADOI SAODAQEO.
Found an escape hatch in the ceiling. 2 orcs and an orc priest come into view.
The orc shouts!
A goblin comes into view. It is wielding a +0 dagger.
An orc comes into view. It is wielding a +0 club.
The goblin shouts!
The dart slug bites you but does no damage.
The orc shouts!
The orc priest shouts!
You tentacle-slap the dart slug. You grab the dart slug.
The dart slug is heavily wounded.
You constrict the dart slug, but do no damage.
You release your grip on the dart slug.
The dart slug attacks as it pursues you!
The dart slug closely misses you.
The orc priest hits you with a +0 hand axe.
The dart slug launches a dart at you. The slug dart hits you.
The orc closely misses you. The orc hits you with a +0 whip.
The orc hits you with a +0 club.
You tentacle-slap the orc. Your grab misses the orc. You squeeze the orc.
You kill the orc!
You tentacle-slap the orc but do no damage.
You grab the orc. You squeeze the orc.
The orc is severely wounded.
You constrict the orc, but do no damage.
The orc closely misses you.
You tentacle-slap the orc.
You kill the orc!
You completely miss the goblin. You grab the goblin. You constrict the goblin.
The goblin hits you with a +0 dagger.
The orc priest mumbles some strange prayers to Beogh against you.
Beogh smites you!
Ouch! That really hurt!
You die...

######...........
.........# #..#........
.........# #รท<.........
.........##### #.#.........
...?...... ... #.#.........
.....<...# #..#.#.........
.........# #.#.#.........
.......ow#####.............
........ogh..###.##..(....#
############.###.#..#......
...........).......
...................
..#####...#....#...
#.....#### ## #.....#
#..##.. ...###.#


You could see an orc priest, a dart slug, an orc and a goblin.

Vanquished Creatures
  An adder (D:2)
  A dart slug (D:1)
  2 orcs (D:2)
  4 endoplasms (D:1)
  2 giant cockroaches (D:1)
  5 hobgoblins
  A quokka (D:1)
  A ball python (D:2)
  A bat (D:1)
  A frilled lizard (D:1)
  3 goblins
  4 kobolds
  3 rats
29 creatures vanquished.

Vanquished Creatures (others)
  An endoplasm (D:2)
1 creature vanquished.

Grand Total: 30 creatures vanquished

Notes
Turn   | Place    | Note
-------+----------+-------------------------------------------
     0 | D:1      | timneilson the Octopode Shapeshifter began the quest for
                  | the Orb.
     0 | D:1      | Reached XP level 1. HP: 13/13 MP: 1/1
    64 | D:1      | Reached XP level 2. HP: 4/18 MP: 2/2
   638 | D:2      | Reached XP level 3. HP: 23/23 MP: 3/3
   706 | D:2      | Found a faded altar of an unknown god.
   896 | D:2      | Killed from afar by an orc priest

Illustrated notes

Levels and vault maps discovered:
D:1:      minmay_arrival_arboretum_small, layout_rooms
D:2:      layout_rooms, ebering_ecumenical_altar_ruins, lemuel_flame_loot_1

Action                     || total
---------------------------++-------
  Melee: Unarmed           ||    55
         Tentacles         ||    12
         Constrict         ||    12
    Use: Scroll            ||     4
   Stab: Sleeping          ||     4
 Armour: Skin              ||    30
  Dodge: Dodged            ||    22
  Block: Buckler           ||     1

Table legend: (Time is in decaauts)
 A = Elapsed time spent in this place.
 B = Non-inter-level travel time spent in this place.
 C = Inter-level travel time spent in this place.
 D = Time resting spent in this place.
 E = Time spent auto-exploring this place.
 F = Levels seen in this place.
 G = Mean time per level.
                   A        B        C        D        E       F      G
               +--------+--------+--------+--------+--------+-----+--------+
         Total |    894 |    860 |     34 |      0 |    583 |   2 |  447.0 |
       Dungeon |    894 |    860 |     34 |      0 |    583 |   2 |  447.0 |
               +--------+--------+--------+--------+--------+-----+--------+

Top non-repeatable levels by time:
     D:1: 612 daAuts
     D:2: 282 daAuts
